 Dungeon Crawl Stone Soup version 0.23.1 (webtiles) character file.

Game seed: 16727497994226163367

90 Caralho the Skirmisher (level 4, 0/35 HPs)
             Began as a Mummy Fighter on Mar 15, 2019.
             Slain by Sigmund
             ... wielding a +0 scythe
              (6 damage)
             ... on level 2 of the Dungeon.
             The game lasted 00:06:47 (1524 turns).

Caralho the Skirmisher (Mummy Fighter)              Turns: 1524, Time: 00:06:47

Health: 0/35       AC:  7    Str: 20    XL:     4   Next: 32%
Magic:  4/4        EV:  7    Int:  7    God:
Gold:   23         SH:  9    Dex: 11    Spells: 3/3 levels left

rFire    x . .     SeeInvis .   a - +0 long sword
rCold    + . .     Gourm    .   c - +0 shield
rNeg     + + +     Faith    .   b - +0 scale mail
rPois    ∞         Spirit   .   (no helmet)
rElec    .         Reflect  .   g - +0 cloak
rCorr    .         Harm     .   (no gloves)
MR       .....                  (no boots)
Stlth    ..........             (no amulet)
HPRegen  0.11/turn              (no ring)
MPRegen  0.09/turn              (no ring)

@: no status effects
A: no food or potions, fire vulnerability, cold resistance 1, negative energy
resistance 3, torment resistance, unbreathing
a: no special abilities


You were on level 2 of the Dungeon.
You were not hungry.

You visited 1 branch of the dungeon, and saw 2 of its levels.

You collected 23 gold pieces.

Inventory:

Hand Weapons
 a - a +0 long sword (weapon)
Armour
 b - a +0 scale mail (worn)
 c - a +0 shield (worn)
 g - a +0 cloak (worn)
Scrolls
 d - 2 scrolls of magic mapping {unknown}
 f - a scroll of enchant weapon {unknown}
 h - 3 scrolls of remove curse
 i - a scroll of random uselessness {unknown}
Potions
 e - a potion of invisibility {unknown}


   Skills:
 + Level 3.4 Fighting
 + Level 2.3 Long Blades
 + Level 3.0 Armour
 + Level 0.3 Dodging
 + Level 0.3 Stealth
 + Level 2.9 Shields


You had 3 spell levels left.
You didn't know any spells.
Your spell library was empty.

Dungeon Overview and Level Annotations

Branches:
Dungeon (2/15)

Altars:
Cheibriados

Annotations:
D:2 Robin, Sigmund


Innate Abilities, Weirdness & Mutations

You do not eat or drink.
Your flesh is vulnerable to fire.
You are immune to poison.
Your flesh is cold resistant. (rC+)
You are immune to negative energy. (rN+++)
You are immune to unholy pain and torment.
You can survive without breathing.


Message History

The goblin goes into a battle-frenzy!
You see here a ring mail.
Robin roars a battlecry!
The goblin goes into a battle-frenzy!
You block the goblin's attack.
Found a scroll labeled VODAJA SECAO.
The goblin misses you.
Found a stone staircase leading up.
A rat comes into view.
Found a large shield.
You see here a scroll labeled VODAJA SECAO.
You slash the rat!
You kill the rat!
Sigmund appears from thin air!
Reactivating autopickup.
The goblin hits you.
* * * LOW HITPOINT WARNING * * *
The goblin hits you but does no damage.
Sigmund hits you from afar with a +0 scythe.
You die...

####g#########.########.#
#.# ###.### ###.##
#g#######.....# #.....
#.g..g.##.....# #.#...
######g##.....# #.###.
####.##.....# #.#...
###.<.@)......# #.#.##
#...##g##.##### #.#.##
#.<...@##.# #.....
#...#####.##########.##
##. #.........# #.#
[.........#####.# #.# .#
.##.#.### #.# #.# # #.
#.####.# .. #......# .#
######## #.


You could see Sigmund, Robin and 2 goblins.

Vanquished Creatures
  Terence (D:2)
  A worker ant (D:2)
  An adder (D:2)
  2 dart slugs (D:1)
  A leopard gecko (D:1)
  A ball python (D:2)
  2 bats
  A giant cockroach (D:2)
  9 goblins
  3 hobgoblins (D:2)
  2 kobolds
  3 rats (D:2)
27 creatures vanquished.

Notes
Turn   | Place    | Note
-------+----------+-------------------------------------------
     0 | D:1      | Caralho the Mummy Fighter began the quest for the Orb.
     0 | D:1      | Reached XP level 1. HP: 18/18 MP: 1/1
   230 | D:1      | Reached XP level 2. HP: 18/24 MP: 2/2
  1105 | D:2      | Reached XP level 3. HP: 19/29 MP: 3/3
  1402 | D:2      | Noticed Terence
  1414 | D:2      | Killed Terence
  1414 | D:2      | Reached XP level 4. HP: 24/35 MP: 4/4
  1420 | D:2      | Found a snail-covered altar of Cheibriados.
  1474 | D:2      | Noticed Robin
  1477 | D:2      | Noticed Sigmund
  1524 | D:2      | Slain by Sigmund

Skill      XL: |  1  2  3 |
---------------+----------+-----
Long Blades    | 2 |  2.3
Armour         | 3 |  3.0
Fighting       | |  3.4
Dodging        | |  0.3
Stealth        | |  0.3
Shields        | |  2.9

Action                   |  1- 3 |  4- 6 || total
-------------------------+-------+-------++-------
Melee: Long sword        |    48 |    25 ||    73
  Use: Scroll            |     1 |       ||     1
Armor: Scale mail        |    21 |     7 ||    28
Dodge: Dodged            |    21 |     6 ||    27
Block: Shield            |    23 |    14 ||    37
       Rpst.: Long sword |     9 |     1 ||    10
